 Dungeon Sprint DCSS version 0.23-a0-143-g1adec7b (webtiles) character file.

880 Faca the Fighter (level 8, -3/63 HPs)
             Began as a Gargoyle Fighter on Aug 31, 2018.
             Was a Priest of the Shining One.
             Slain by a two-headed ogre
             ... wielding a +0 giant club
              (13 damage)
             ... in the Dungeon (Sprint IX: "|||||||||||||||||||||||||||||").
             The game lasted 00:01:42 (353 turns).

Faca the Fighter (Gargoyle Fighter)                  Turns: 353, Time: 00:01:42

Health: -3/63      AC: 24    Str: 25    XL:     8   Next: 5%
Magic:  8/8        EV:  6    Int:  8    God:    the Shining One [***...]
Gold:   0          SH: 10    Dex: 13    Spells: 7/7 levels left

rFire    . . .     SeeInvis .   n - +2 morningstar (protect)
rCold    . . .     Gourm    .   c - +0 shield
rNeg     + + .     Faith    .   p - +1 chain mail
rPois    ∞         Spirit   .   (no helmet)
rElec    +         Reflect  .   (no cloak)
rCorr    .         Harm     .   o - +0 pair of gloves
MR       .....     NoTele   +   (no boots)
Stlth    ..........             (no amulet)
HPRegen  0.20/turn              q - +3 ring of dexterity
MPRegen  0.11/turn              r - +3 ring of strength

@: protection aura, glowing
A: negative energy resistance 1, electricity resistance, unbreathing,
petrification resistance, rot immunity, AC +5
a: Divine Shield, Renounce Religion


You were in the Dungeon.
You worshipped the Shining One.
The Shining One was most pleased with you.
You were not hungry.

You visited 1 branch

Inventory:

Hand Weapons
 a - a +0 flail
 n - a +2 morningstar of protection (weapon)
Armour
 c - a +0 shield (worn)
 o - a +0 pair of gloves (worn)
 p - a +1 chain mail (worn)
Jewellery
 q - a +3 ring of dexterity (left hand)
 r - a +3 ring of strength (right hand)
Wands
 m - a wand of acid (10)
Scrolls
 j - 3 scrolls of remove curse
 k - 2 scrolls of blinking
 l - 2 scrolls of amnesia
Potions
 d - a potion of might
 e - 5 potions of curing
 g - 3 potions of heal wounds
 h - a potion of haste
 i - 4 potions of magic
Comestibles
 f - a ration


   Skills:
 + Level 13.0 Fighting
 + Level 11.8 Maces & Flails
 - Level 4.1 Armour
 - Level 4.0 Shields


You had 7 spell levels left.
You didn't know any spells.
Your spell library was empty.

Dungeon Overview and Level Annotations

Branches:
Dungeon (1/1)

Altars:
Cheibriados
Dithmenos
Elyvilon
Fedhas
Gozag
Hepliaklqana
Kikubaaqudgha
Makhleb
Nemelex Xobeh
Okawaru
Qazlal
Ru
Sif Muna
Trog
Uskayaw
Vehumet
Wu Jian
Xom
Yredelemnul
Zin
The Shining One
Beogh
Jiyva
Lugonu


Innate Abilities, Weirdness & Mutations

You are resistant to torment.
Your stone body is resilient. (AC +5)
You are immune to poison.
You resist negative energy. (rN+)
You are resistant to electric shocks. (rElec)
You can survive without breathing.
You are immune to petrification.
You are immune to rotting.


Message History

You hit the cyclops but do no damage.
The cyclops is heavily wounded.
You block the cyclops's attack.
You impale the cyclops!!
The cyclops is almost dead.
You sock the cyclops!
You kill the cyclops!
Your Fighting skill gained 2 levels and is now at level 13!
Your Maces & Flails skill increases to level 11!
You have reached level 8!
You feel stronger.
You sock the two-headed ogre!
The two-headed ogre is lightly wounded.
You block the two-headed ogre's attack. x2
You puncture the two-headed ogre!
The two-headed ogre is heavily wounded.
The two-headed ogre hits you with a giant club!
* * * LOW HITPOINT WARNING * * *
The two-headed ogre hits you with a giant club!
You die...

▓+▓
▓.▓
▓.▓
▓Y▓
▓O▓
▓u▓
▓O▓
▓@▓
▓(▓
▓.▓
▓.▓
▓.▓
▓.▓
▓.▓
▓†▓
▓[▓


You could see a green ugly thing, 2 two-headed ogres and a yak.

Vanquished Creatures
  A cyclops (D)
  A wyvern (D)
  A water moccasin (D)
  A phantom (D)
  A sky beast (D)
  A crimson imp (D)
  A hound (D)
  An adder (D)
  A shadow imp (D)
  An adder skeleton (D)
  A dart slug (D)
  2 leopard geckos (D)
  3 hobgoblins (D)
  A goblin (D)
  A quokka skeleton (D)
18 creatures vanquished.

Notes
Turn   | Place    | Note
-------+----------+-------------------------------------------
     0 | D        | Faca the Gargoyle Fighter began the quest for the Orb.
     0 | D        | Reached XP level 1. HP: 14/14 MP: 1/1
    12 | D        | Reached skill level 4 in Fighting
    14 | D        | Reached XP level 2. HP: 20/20 MP: 2/2
    20 | D        | Noticed a phantom
    20 | D        | Noticed a water moccasin
    20 | D        | Noticed a crimson imp
    38 | D        | Killed a water moccasin
    38 | D        | Reached skill level 7 in Fighting
    38 | D        | Reached XP level 3. HP: 24/29 MP: 3/3
    38 | D        | Reached XP level 4. HP: 29/35 MP: 4/4
    44 | D        | Reached XP level 5. HP: 32/39 MP: 5/5
    58 | D        | Killed a phantom
    58 | D        | Reached skill level 9 in Fighting
    61 | D        | Reached XP level 6. HP: 16/48 MP: 6/6
   254 | D        | Found a roughly hewn altar of Beogh.
   254 | D        | Found a snail-covered altar of Cheibriados.
   254 | D        | Found a shadowy altar of Dithmenos.
   254 | D        | Found a white marble altar of Elyvilon.
   254 | D        | Found a blossoming altar of Fedhas.
   254 | D        | Found an opulent altar of Gozag.
   255 | D        | Found a hazy altar of Hepliaklqana.
   256 | D        | Found a viscous altar of Jiyva.
   257 | D        | Found an ancient bone altar of Kikubaaqudgha.
   258 | D        | Found a corrupted altar of Lugonu.
   259 | D        | Found a burning altar of Makhleb.
   260 | D        | Found a sparkling altar of Nemelex Xobeh.
   261 | D        | Found an iron altar of Okawaru.
   262 | D        | Found a stormy altar of Qazlal.
   263 | D        | Found a sacrificial altar of Ru.
   264 | D        | Found a deep blue altar of Sif Muna.
   265 | D        | Found a bloodstained altar of Trog.
   266 | D        | Found a hide-covered altar of Uskayaw.
   267 | D        | Found a radiant altar of Vehumet.
   268 | D        | Found an ornate altar of the Wu Jian Council.
   269 | D        | Found a shimmering altar of Xom.
   270 | D        | Found a basalt altar of Yredelemnul.
   271 | D        | Found a glowing silver altar of Zin.
   272 | D        | Found a glowing golden altar of the Shining One.
   280 | D        | Became a worshipper of the Shining One
   321 | D        | Reached * piety under the Shining One
   321 | D        | Noticed a sky beast
   324 | D        | Killed a sky beast
   324 | D        | Reached skill level 10 in Fighting
   330 | D        | Reached ** piety under the Shining One
   330 | D        | Reached skill level 11 in Fighting
   341 | D        | Noticed a yak
   341 | D        | Noticed a two-headed ogre
   341 | D        | Noticed a green ugly thing
   341 | D        | Reached *** piety under the Shining One
   341 | D        | Noticed a two-headed ogre
   341 | D        | Noticed a cyclops
   341 | D        | Noticed a wyvern
   344 | D        | Killed a wyvern
   344 | D        | Reached skill level 10 in Maces & Flails
   344 | D        | Reached XP level 7. HP: 44/55 MP: 7/7
   351 | D        | Killed a cyclops
   351 | D        | Reached skill level 13 in Fighting
   351 | D        | Reached XP level 8. HP: 25/63 MP: 8/8
   353 | D        | Slain by a two-headed ogre

Vault maps used:
D:        linesprint

Skill      XL: |  1  2  3  4  5  6  7 |
---------------+----------------------+-----
Fighting       | 4 7 9 11 13 | 13.0
Armour         | 4 |  4.1
Shields        | 4 |  4.0
Maces & Flails | 6 8 10 11 | 11.8

Action                   |  1- 3 |  4- 6 |  7- 9 || total
-------------------------+-------+-------+-------++-------
Melee: Flail             |    27 |    21 |       ||    48
       Morningstar       |       |    15 |     8 ||    23
  Use: Potion            |     1 |       |       ||     1
Armor: Scale mail        |    11 |    14 |       ||    25
       Chain mail        |       |     5 |     1 ||     6
Dodge: Dodged            |    11 |     4 |       ||    15
Block: Shield            |    16 |    14 |     3 ||    33

Table legend:
 A = Non-vault XP
 B = Vault XP
 C = Vault XP percentage of total XP
 D = Non-vault monster count
 E = Vault monster count
 F = Vault count percentage of total count
                 A         B        C        D         E       F
            +---------+---------+-------+---------+---------+-------
      Total |       0 |    1258 | 100.0 |       0 |      18 | 100.0
            +---------+---------+-------+---------+---------+-------
          D |       0 |    1258 | 100.0 |       0 |      18 | 100.0
            +---------+---------+-------+---------+---------+-------
